 Dungeon Crawl Stone Soup version 0.14.2 (webtiles) character file.

11759 EmikaRules the Tainter (level 11, -1/72 HPs)
             Began as an Octopode Venom Mage on Oct 31, 2016.
             Was an Elder of Kikubaaqudgha.
             Slain by an orc
             ... wielding a +1,+1 flail
              (10 damage)
             ... on Level 1 of the Orcish Mines on Nov 1, 2016.
             The game lasted 01:37:33 (10774 turns).

EmikaRules the Tainter (Octopode Venom Mage)       Turns: 10774, Time: 01:37:33

HP  -1/72        AC  1     Str 10      XL: 11   Next: 73%
MP  22/26        EV 15     Int 22      God: Kikubaaqudgha [****..]
Gold 625         SH  0     Dex 13      Spells:  8 memorised,  1 level left

rFire  + . .     SeeInvis .       - Unarmed
rCold  . . .     Rnd*Rage +     (no shield)
rNeg   . . .     Conserve .     (helmet restricted)
rPois  .         rCorr    .     (no amulet)
rElec  .         rRot     .     G - +4 ring of intelligence
SustAb . .       Spirit   .     q - ring of invisibility
rMut   .         Warding  .     s - ring of protection from fire {unknown}
Saprov . . .     Stasis   .     (no ring)
MR     .....                    (no ring)
                                (no ring)
                                (no ring)
                                (no ring)

@: not resistant to hostile enchantments, quite stealthy
A: almost no armour, amphibious, 8 rings, constrict 8, camouflage 1, berserk 1,
gelatinous body 1
a: Receive Corpses, Renounce Religion, Evoke Invisibility


You were on level 1 of the Orcish Mines.
You worshipped Kikubaaqudgha.
Kikubaaqudgha was greatly pleased with you.
You were not hungry.

You visited 4 branches of the dungeon, and saw 17 of its levels.

You collected 625 gold pieces.

Inventory:

Hand weapons
 g - a +0,+2 demon whip
 n - a +1,+2 cutlass of flaming
 v - the +7,+12 bow "Wyuliedi" {flame, rF+}
   (You took it off a necrophage on level 11 of the Dungeon)

   It turns projectiles fired from it into bolts of flame.
   It protects you from fire.
Missiles
 k - 8 tomahawks (quivered)
 x - 15 arrows
 N - 10 bolts
 O - a throwing net
Magical devices
 f - a wand of frost (5)
 l - a wand of polymorph (9)
 m - a wand of teleportation (0)
 y - a wand of digging (11)
 L - a wand of flame (0)
 P - a wand of paralysis (0)
Comestibles
 t - 3 meat rations
Scrolls
 h - a scroll of immolation
 i - 5 scrolls of identify
 j - 2 scrolls of recharging
 o - 2 scrolls of remove curse
 r - 2 scrolls of noise {unknown}
 B - a scroll of magic mapping
 C - a scroll of enchant weapon II {unknown}
 D - a scroll of enchant weapon I {unknown}
 E - a scroll of fog {unknown}
 F - 5 scrolls of teleportation
 M - 2 scrolls of brand weapon {unknown}
Jewellery
 q - a ring of invisibility (right tentacle)
 s - a ring of protection from fire (on tentacle) {unknown}
 G - a +4 ring of intelligence (left tentacle)
 S - an uncursed amulet of stasis
Potions
 u - a potion of curing
 w - a potion of porridge
 z - 2 potions of brilliance
 A - a potion of heal wounds
 J - a potion of haste
Books
 a - Kikubaaqudgha's Papyrus of Darkness
   (Kikubaaqudgha gifted it to you on level 8 of the Dungeon)

   Spells                             Type                      Level
   *Pain                              Necromancy                   1
   Corpse Rot                         Necromancy                   2
   *Sublimation of Blood              Necromancy                   2
   Vampiric Draining                  Necromancy                   3
   *Control Undead                    Necromancy                   4
 b - a Young Poisoner's Handbook

   Spells                             Type                      Level
   *Sting                             Conjuration/Poison           1
   *Cure Poison                       Poison                       2
   *Mephitic Cloud                    Conjuration/Poison/Air       3
   Olgreb's Toxic Radiance            Poison                       4
   Venom Bolt                         Conjuration/Poison           5
 c - a book of Maledictions

   Spells                             Type                      Level
   Corona                             Hexes                        1
   Sure Blade                         Hexes/Charms                 2
   Ensorcelled Hibernation            Hexes/Ice                    2
   Confuse                            Hexes                        3
   Enslavement                        Hexes                        4
   Invisibility                       Hexes                        6
 e - a book of Cantrips

   Spells                             Type                      Level
   Confusing Touch                    Hexes                        1
   Animate Skeleton                   Necromancy                   1
   Summon Small Mammal                Summoning                    1
   Apportation                        Translocation                1
 H - a book of Clouds

   Spells                             Type                      Level
   *Mephitic Cloud                    Conjuration/Poison/Air       3
   Conjure Flame                      Conjuration/Fire             3
   Poisonous Cloud                    Conjuration/Poison/Air       6
   Freezing Cloud                     Conjuration/Ice/Air          6
   Ring of Flames                     Charms/Fire                  7
 I - a book of the Earth

   Spells                             Type                      Level
   Leda's Liquefaction                Hexes/Earth                  4
   Bolt of Magma                      Conjuration/Fire/Earth       5
   Statue Form                        Transmutation/Earth          6
   Iron Shot                          Conjuration/Earth            6
   Shatter                            Earth                        9
 K - a book of Enchantments

   Spells                             Type                      Level
   Cause Fear                         Hexes                        4
   Silence                            Hexes/Air                    5
   Tukima's Dance                     Hexes                        5
   Deflect Missiles                   Charms/Air                   6
   Haste                              Charms                       6
   Discord                            Hexes                        8
 R - Kikubaaqudgha's Catalogue of Sinister Magic
   (Kikubaaqudgha gifted it to you on level 11 of the Dungeon)

   Spells                             Type                      Level
   Animate Dead                       Necromancy                   4
   Excruciating Wounds                Charms/Necromancy            5
   *Dispel Undead                     Necromancy                   5
   *Twisted Resurrection              Necromancy                   5
   Simulacrum                         Ice/Necromancy               6


   Skills:
 * Level 5.3 Fighting
 * Level 6.1 Dodging
 - Level 3.1 Stealth
 - Level 2.0 Unarmed Combat
 * Level 7.2 Spellcasting
 * Level 7.9 Conjurations
 * Level 6.8 Necromancy
 - Level 5.3 Air Magic
 - Level 9.1 Poison Magic
 * Level 6.0 Evocations


You had one spell level left.
You knew the following spells:

 Your Spells              Type           Power        Failure   Level  Hunger
a - Sting                 Conj/Pois      ####         1%          1    None
b - Pain                  Necr           ####         1%          1    None
c - Mephitic Cloud        Conj/Pois/Air  #####...     1%          3    #......
d - Dispel Undead         Necr           #####...     14%         5    ####...
e - Cure Poison           Pois           #####.....   1%          2    None
f - Control Undead        Necr           #####.....   6%          4    ###....
g - Twisted Resurrection  Necr           #####.....   14%         5    ####...
s - Sublimation of Blood  Necr           #####.....   1%          2    None


Dungeon Overview and Level Annotations

Branches:
Dungeon (13/15)            Temple (1/1) D:7             Orc (1/4) D:12
   Lair (2/8) D:11
 Vaults: D:13-14

Altars:
Ashenzari
Cheibriados
Dithmenos
Elyvilon
Fedhas
Kikubaaqudgha
Makhleb
Nemelex Xobeh
Okawaru
Sif Muna
Trog
Vehumet
Xom
Yredelemnul
Zin
The Shining One


Innate Abilities, Weirdness & Mutations

You cannot wear most types of armour.
You are amphibious.
You can wear up to eight rings at the same time.
You can use your tentacles to constrict many enemies at once.
Your skin changes colour to match your surroundings (Stlth).
Your rubbery body absorbs attacks (AC +1).
You tend to lose your temper in combat.


Message History

Confirm with . or Enter, or press ? or * to list all spells.
Aiming: Pain
Press: ? - help, Shift-Dir - straight line, f/p - warg
Aim: a warg (noxious fumes, lightly wounded)
The warg convulses in agony!
The warg barely misses you. The orc wizard closely misses you.
The orc priest is engulfed in noxious fumes.
The orc priest appears confused.
The orc priest closely misses the orc wizard.
The orc barely misses you. The warg bites you!
The orc wizard points at you and mumbles some strange words.
The magic dart hits you!
The orc priest is engulfed in noxious fumes.
The orc priest appears confused.
The orc priest barely misses the warg.
The warg bites you!
* * * LOW HITPOINT WARNING * * *
The orc hits you with a flail!
You die...
Kikubaaqudgha rasps: "You have failed me!
Welcome... death!"

### ...#.##.#
...........
........#..#.
#..............
..$......o...
.....§.....
#go..§.....
#@ho......
##oo......
§§..... .......
o...... .##.##
## ##


You could see a warg, an orc priest (confused), 2 orc wizards, 3 orcs and a
goblin.

Vanquished Creatures
  Erolcha (D:9)
  A hill giant (D:10)
  Maurice (D:8)
  2 spiny frogs (Lair:1)
  A two-headed ogre (D:11)
  A troll (D:11)
  4 blink frogs (Lair:1)
  A shadow (D:12)
  2 grizzly bears (D:10)
  2 deep elf magi
  5 yaks (D:11)
  2 hippogriffs
  Eustachio (D:4)
  A deep elf fighter (D:11)
  Grum (D:9)
  3 ugly things (D:12)
  A steam dragon (D:11)
  3 wolves
  4 porcupines
  3 water moccasins (Lair:1)
  2 necrophages (D:11)
  An ogre skeleton (D:12)
  2 ice beasts (D:8)
  A soldier ant (D:8)
  4 sky beasts
  2 black bears
  3 yellow wasps
  An ogre (D:10)
  An orc skeleton (D:13)
  4 centaurs
  3 crocodiles
  Duvessa (D:7)
  2 big kobolds
  8 giant frogs
  3 giant slugs
  Blork the orc (D:7)
  2 gnoll sergeants (D:8)
  A scorpion (D:11)
  5 killer bees
  A hippogriff skeleton (D:10)
  3 crimson imps
  2 goliath beetles
  A giant frog zombie (D:11)
  Dowan (D:7)
  8 hounds
  3 orc priests
  A jelly (D:11)
  An elf skeleton (D:7)
  5 orc wizards
  An iguana (D:11)
  8 worker ants
  4 sheep (Lair:1)
  A hound zombie (D:5)
  A hound skeleton (D:8)
  13 adders
  12 green rats
  10 gnolls (D:8)
  A gnoll skeleton (D:5)
  2 shadow imps
  4 worms
  An inept feature mimic (D:5)
  7 giant eyeballs
  4 giant geckos
  24 orcs
  A ball python (D:1)
  20 bats
  3 giant cockroaches
  8 hobgoblins
  4 jackals (D:8)
  5 quokkas
  A giant gecko zombie (D:5)
  5 giant newts
  A giant spore (D:8)
  5 goblins
  A jackal zombie (D:5)
  19 kobolds
  A kobold skeleton (D:7)
  A quokka skeleton (D:5)
  21 rats
  A rat skeleton (D:4)
  15 ballistomycetes
  2 fungi
320 creatures vanquished.

Vanquished Creatures (collateral kills)
  A killer bee (D:11)
1 creature vanquished.

Vanquished Creatures (others)
  A yak (D:11)
  A mummy (D:8)
  A kobold (D:9)
  3 giant spores
  3 crawling corpses
  A macabre mass (Lair:1)
10 creatures vanquished.

Grand Total: 331 creatures vanquished

Notes
Turn   | Place    | Note
--------------------------------------------------------------
     0 | D:1      | EmikaRules, the Octopode Venom Mage, began the quest for the Orb.
     0 | D:1      | Reached XP level 1. HP: 11/11 MP: 3/3
   142 | D:2      | Reached skill level 5 in Poison Magic
   142 | D:2      | Reached XP level 2. HP: 9/18 MP: 0/4
   146 | D:2      | Learned a level 2 spell: Cure Poison
   343 | D:2      | Reached skill level 1 in Fighting
   343 | D:2      | Reached XP level 3. HP: 12/23 MP: 1/6
   654 | D:3      | Found a sparkling altar of Nemelex Xobeh.
   661 | D:3      | Found a glowing silver altar of Zin.
   727 | D:3      | Learned a level 3 spell: Mephitic Cloud
   832 | D:3      | Reached XP level 4. HP: 21/28 MP: 4/8
   865 | D:3      | Reached skill level 1 in Conjurations
   986 | D:5      | Entered Level 5 of the Dungeon
  1307 | D:4      | Reached XP level 5. HP: 26/34 MP: 7/10
  1372 | D:4      | Found a white marble altar of Elyvilon.
  1533 | D:4      | Noticed Eustachio
  1585 | D:4      | Paralysed by a giant eyeball for 4 turns
  1592 | D:4      | Paralysed by a giant eyeball for 4 turns
  1597 | D:4      | Killed Eustachio
  1597 | D:4      | Reached skill level 1 in Air Magic
  1597 | D:4      | Reached XP level 6. HP: 33/39 MP: 4/13
  1599 | D:4      | Paralysed by a giant eyeball for 2 turns
  1640 | D:4      | Reached skill level 1 in Evocations
  1646 | D:4      | Reached skill level 6 in Poison Magic
  1799 | D:5      | Found a snail-covered altar of Cheibriados.
  1933 | D:6      | Found a basalt altar of Yredelemnul.
  2007 | D:5      | Reached XP level 7. HP: 28/45 MP: 15/15
  2253 | D:5      | Noticed a necrophage
  2452 | D:7      | Noticed Blork the orc
  2576 | D:7      | Noticed Duvessa
  2584 | D:7      | Noticed Dowan
  2612 | D:7      | Gained mutation: You tend to lose your temper in combat. [potion of mutation]
  2612 | D:7      | Gained mutation: You have a slow metabolism. [potion of mutation]
  2612 | D:7      | Lost mutation: You have a slow metabolism. [potion of mutation]
  2613 | D:7      | Killed Dowan
  2697 | D:7      | Killed Duvessa
  2951 | D:7      | Found a staircase to the Ecumenical Temple.
  2961 | Temple   | Entered the Ecumenical Temple
  2965 | Temple   | Became a worshipper of Kikubaaqudgha
  3054 | D:7      | Found a white marble altar of Elyvilon.
  3097 | D:7      | Reached XP level 8. HP: 35/51 MP: 1/18
  3795 | D:9      | Noticed Maurice
  3917 | D:8      | Reached skill level 1 in Unarmed Combat
  3917 | D:8      | Reached skill level 1 in Necromancy
  3917 | D:8      | Reached skill level 7 in Poison Magic
  4477 | D:8      | Killed Maurice
  4477 | D:8      | Reached XP level 9. HP: 56/56 MP: 1/20
  4631 | D:8      | Acquired Kikubaaqudgha's first power
  4631 | D:8      | Received a gift from Kikubaaqudgha
  4632 | D:8      | Identified Kikubaaqudgha's Papyrus of Darkness (Kikubaaqudgha gifted it to you on level 8 of the Dungeon)
  4635 | D:8      | Learned a level 1 spell: Pain
  4638 | D:8      | Learned a level 2 spell: Sublimation of Blood
  4643 | D:8      | Learned a level 4 spell: Control Undead
  4781 | D:7      | Found an iron altar of Okawaru.
  4800 | D:7      | Paralysed by a giant eyeball for 2 turns
  4838 | D:7      | Killed Blork the orc
  4965 | D:8      | Reached skill level 5 in Spellcasting
  5006 | D:9      | Paralysed by a giant eyeball for 3 turns
  5250 | D:8      | Paralysed by a giant eyeball for 3 turns
  5269 | D:8      | Paralysed by a giant eyeball for 2 turns
  5671 | D:9      | Noticed Erolcha
  6242 | D:9      | Reached skill level 8 in Poison Magic
  6245 | D:9      | Noticed Grum
  6256 | D:8      | Reached skill level 5 in Conjurations
  6801 | D:9      | Reached XP level 10. HP: 30/63 MP: 13/22
  6801 | D:9      | Acquired Kikubaaqudgha's second power
  6822 | D:9      | Killed Erolcha
  6852 | D:9      | Killed Grum
  6976 | D:10     | Entered Level 10 of the Dungeon
  6977 | D:10     | Noticed a hill giant
  6986 | D:10     | Found a bloodstained altar of Trog.
  7110 | D:11     | Reached skill level 5 in Dodging
  7110 | D:11     | Reached skill level 5 in Air Magic
  7386 | D:11     | Reached skill level 5 in Necromancy
  7534 | D:11     | Received a gift from Kikubaaqudgha
  7534 | D:11     | Reached skill level 9 in Poison Magic
  7534 | D:11     | Reached skill level 5 in Evocations
  7535 | D:11     | Identified Kikubaaqudgha's Catalogue of Sinister Magic (Kikubaaqudgha gifted it to you on level 11 of the Dungeon)
  7542 | D:11     | Learned a level 5 spell: Dispel Undead
  7683 | D:11     | Found a staircase to the Lair.
  7931 | Lair:1   | Entered Level 1 of the Lair of Beasts
  8072 | Lair:1   | Reached XP level 11. HP: 64/70 MP: 17/25
  8418 | Lair:1   | Learned a level 5 spell: Twisted Resurrection
  8693 | Lair:1   | Acquired Kikubaaqudgha's third power
  9295 | D:10     | Killed a hill giant
  9372 | D:11     | Got a steaming bow
  9373 | D:11     | Identified the +7,+12 bow "Wyuliedi" {flame, rF+} (You took it off a necrophage on level 11 of the Dungeon)
  9607 | D:11     | Found an iron altar of Okawaru.
  9672 | D:13     | Noticed a hill giant
  9673 | D:13     | Reached skill level 5 in Fighting
 10754 | D:12     | Found a staircase to the Orcish Mines.
 10763 | Orc:1    | Entered Level 1 of the Orcish Mines
 10774 | Orc:1    | Slain by an orc

Action                   |  1- 3 |  4- 6 |  7- 9 | 10-12 || total
-------------------------+-------+-------+-------+-------++-------
Melee: Unarmed           |    31 |    57 |   182 |     9 ||   279
       Cutlass           |       |       |    41 |    35 ||    76
       Whip              |       |       |       |     4 ||     4
       Demon whip        |       |       |       |     2 ||     2
 Fire: Bow               |       |       |       |    17 ||    17
 Cast: Sting             |    38 |    68 |   219 |   380 ||   705
       Cure Poison       |     1 |     1 |     5 |       ||     7
       Mephitic Cloud    |       |     2 |    88 |    88 ||   178
       Sublimation of Bl |       |       |    12 |    61 ||    73
       Pain              |       |       |     9 |    42 ||    51
       Control Undead    |       |       |     1 |       ||     1
       Dispel Undead     |       |       |       |    10 ||    10
       Twisted Resurrect |       |       |       |     6 ||     6
 Abil: Evoke Invisibilit |       |       |       |     1 ||     1
Evoke: Wand              |       |       |     7 |    23 ||    30
  Use: Scroll            |       |     5 |     3 |     6 ||    14
       Potion            |       |       |    10 |     5 ||    15
 Stab: Sleeping          |     1 |     1 |     2 |       ||     4
       Confused          |       |     1 |    20 |       ||    21
       Paralysed         |       |       |       |     1 ||     1
